 Dungeon Crawl Stone Soup version 0.13-a0-3016-gcb2faac (webtiles) character file.

1257 Misa the Firebug (level 7, -7/71 HPs)
             Began as a Djinni Fire Elementalist on Sept 12, 2013.
             Mangled by an ice beast (22 damage)
             ... on Level 4 of the Dungeon.
             The game lasted 00:26:48 (6545 turns).

Misa the Firebug (Djinni Fire Elementalist)         Turns: 6545, Time: 00:26:48

HP  -7/71        AC  2     Str  9      XL: 7   Next: 81%
MP   0/0         EV 10     Int 17      God:
Gold 351         SH  0     Dex 13      Spells:  3 memorised,  8 levels left

Res.Fire  : + + +   See Invis. : .   s - +3,+4 spear (venom) (curse)
Res.Cold  : x . .   Warding    : .   r - -1 orc leather armour (curse)
Life Prot.: + + +   Conserve   : .   (no shield)
Res.Poison: .       Res.Corr.  : .   (no helmet)
Res.Elec. : .       Clarity    : .   (no cloak)
Sust.Abil.: . .     Spirit.Shd : .   (no gloves)
Res.Mut.  : .       Stasis     : .   (boots unavailable)
Res.Rott. : .       Flight     : .   m - cursed amulet of rage
Saprovore : . . .                    f - ring of magical power
                                     t - ring of wizardry

@: very slow, slightly resistant to hostile enchantments, unstealthy
A: fire immunity, cold vulnerability, life protection 3
a: Evoke Berserk Rage


You were on level 4 of the Dungeon.
You were not hungry.

You visited 1 branch of the dungeon, and saw 5 of its levels.

You collected 331 gold pieces.

Inventory:

Hand weapons
 h - a +1,+1 dwarven dagger
 s - a cursed +3,+4 spear of venom (weapon)
Missiles
 q - 28 darts (quivered)
 u - 3 darts of frost
Armour
 a - a +1 robe
 r - a cursed -1 orcish leather armour (worn)
Magical devices
 e - a wand of digging (0)
Scrolls
 c - a scroll of teleportation
Jewellery
 f - a ring of magical power (right hand)
 j - an uncursed ring of protection from fire {unknown}
 k - an uncursed ring of see invisible
 m - a cursed amulet of rage (around neck)
 t - a ring of wizardry (left hand)
Potions
 g - a potion of beneficial mutation {unknown}
 i - 2 potions of poison {unknown}
 l - 2 potions of agility {unknown}
 o - a potion of slowing {unknown}
Books
 b - a book of Flames

   Spells                             Type                      Level
   *Flame Tongue                      Conjuration/Fire             1
   Throw Flame                        Conjuration/Fire             2
   *Conjure Flame                     Conjuration/Fire             3
   Inner Flame                        Hexes/Fire                   3
   *Sticky Flame                      Conjuration/Fire             4
   Fireball                           Conjuration/Fire             5
 n - the Catalogue of Execration
   (You found it on level 4 of the Dungeon)

   Spells                             Type                      Level
   Confusing Touch                    Hexes                        1
   Fulminant Prism                    Conjuration/Hexes            5
   Metabolic Englaciation             Hexes/Ice                    6
   Invisibility                       Hexes                        6
 w - a book of Spatial Translocations

   Spells                             Type                      Level
   Apportation                        Translocation                1
   Portal Projectile                  Translocation                2
   Blink                              Translocation                2
   Shroud of Golubria                 Charms/Translocation         2
   Teleport Other                     Translocation                3
   Passage of Golubria                Translocation                4


   Skills:
 + Level 3.6 Fighting
 - Level 1.7 Dodging
 - Level 1.5 Stealth
 + Level 5.2 Spellcasting
 + Level 4.6 Conjurations
 + Level 7.2 Fire Magic


You had 8 spell levels left.
You knew the following spells:

 Your Spells              Type           Power        Failure   Level  Hunger
a - Flame Tongue          Conj/Fire      ###..        1%          1    None
b - Conjure Flame         Conj/Fire      ###.....     1%          3    ###....
c - Sticky Flame          Conj/Fire      ###.....     5%          4    ####...


Dungeon Overview and Level Annotations

Branches:
Dungeon (5/27)
 Temple: D:4-7

Altars:
Cheibriados

Shops:
D:4 %


Innate Abilities, Weirdness & Mutations

You are immune to all types of fire, even holy and hellish.
You are vulnerable to cold.
You need no food.
You have no legs.
You are immune to negative energy.


Message History

* * * LOW HITPOINT WARNING * * *
Drink which item? (? for menu, Esc to quit)
You feel better. The ice beast hits you. The ice beast freezes you!
You feel a terrible chill!
* * * LOW HITPOINT WARNING * * *
Drink which item? (? for menu, Esc to quit)
Okay, then.
Read which item? (? for menu, Esc to quit)
Okay, then.
Drink which item? (? for menu, Esc to quit)
You feel better. The ice beast barely misses you.
Drink which item? (? for menu, Esc to quit)
You feel better. The ice beast hits you. The ice beast freezes you!
You feel a terrible chill!
* * * LOW HITPOINT WARNING * * *
You heave yourself high above the water.
The ice beast hits you.
* * * LOW HITPOINT WARNING * * *
The ice beast freezes you!
You feel a terrible chill!
You die...

#...# #..... ##...###############
#..... ≈≈...≈≈≈≈≈≈≈≈≈≈≈≈≈≈#
#..... ≈≈...≈≈≈≈≈≈≈≈≈≈≈≈≈≈#
#..... ≈≈...≈≈≈≈≈≈≈≈≈≈≈≈≈≈#
#..... ≈≈...≈≈≈≈≈≈≈≈≈≈≈≈≈≈#
#..(.. ≈≈...≈≈≈≈≈≈≈≈≈≈≈≈≈≈#
#..... ≈≈...≈≈≈≈≈≈≈≈≈≈≈≈≈≈#
#..... ≈≈...≈≈≈≈≈≈≈≈≈≈≈@≈≈#
#..... ≈≈...≈≈≈≈≈≈≈≈≈≈≈≈I≈#
#.....
≈≈...≈≈≈≈≈≈≈≈≈≈≈≈≈≈#########.....
.................................
.................................
.................................
≈≈...≈≈≈≈≈≈≈≈≈≈≈≈≈≈#########..(..
≈≈...≈≈≈≈≈≈≈≈≈≈≈≈≈≈# #.....
≈≈...≈≈≈≈≈≈≈≈≈≈≈≈≈≈# #.....


You could see an ice beast.

Vanquished Creatures
  Grinder (D:3)
  A giant frog (D:5)
  3 hounds
  A jelly (D:5)
  3 orc priests
  An iguana (D:4)
  4 orc wizards
  3 worker ants
  3 adders
  4 gnolls
  4 worms
  An adder skeleton (D:4)
  A giant eyeball (D:5)
  A giant gecko (D:2)
  2 oozes
  23 orcs
  4 giant cockroaches
  9 goblins
  14 hobgoblins
  4 quokkas
  9 bats
  5 giant newts
  A goblin skeleton (D:4)
  8 kobolds
  10 rats
120 creatures vanquished.

Vanquished Creatures (others)
  An orc (D:5)
1 creature vanquished.

Grand Total: 121 creatures vanquished

Notes
Turn   | Place    | Note
--------------------------------------------------------------
     0 | D:1      | Misa, the Djinni Fire Elementalist, began the quest for the Orb.
     0 | D:1      | Reached XP level 1. HP: 14/14 MP: 0/0
   384 | D:1      | Reached XP level 2. EP: 18/21
   700 | D:1      | Reached skill level 1 in Fighting
  1021 | D:2      | Reached XP level 3. EP: 6/27
  1727 | D:2      | Found a snail-covered altar of Cheibriados.
  1949 | D:2      | Learned a level 3 spell: Conjure Flame
  2456 | D:2      | Reached XP level 4. EP: 22/35
  2520 | D:2      | Learned a level 4 spell: Sticky Flame
  2603 | D:3      | Reached skill level 5 in Fire Magic
  2870 | D:3      | Noticed Grinder
  2874 | D:3      | Paralysed by Grinder for 3 turns
  3397 | D:3      | Reached XP level 5. EP: 39/42
  3776 | D:3      | Killed Grinder
  3776 | D:3      | Reached skill level 6 in Fire Magic
  3776 | D:3      | Reached XP level 6. EP: 17/50
  4508 | D:4      | Found Boarrel's Food Shoppe.
  4831 | D:4      | Reached XP level 7. EP: 48/59
  5084 | D:4      | Identified the Catalogue of Execration
  5120 | D:4      | Found a sand-covered staircase.
  5597 | D:5      | Entered Level 5 of the Dungeon
  5935 | D:4      | Reached skill level 5 in Spellcasting
  6127 | D:5      | Reached skill level 7 in Fire Magic
  6172 | D:5      | Paralysed by a giant eyeball for 4 turns
  6179 | D:5      | Paralysed by a giant eyeball for 2 turns
  6545 | D:4      | Mangled by an ice beast

Action                   |  1- 3 |  4- 6 |  7- 9 || total
-------------------------+-------+-------+-------++-------
Melee: Unarmed           |     1 |       |       ||     1
       Dagger            |    65 |       |       ||    65
       Spear             |    29 |   112 |   149 ||   290
 Cast: Flame Tongue      |    34 |     2 |     4 ||    40
       Conjure Flame     |     1 |    11 |     7 ||    19
  Use: Potion            |     1 |     1 |     4 ||     6
       Scroll            |       |    13 |     5 ||    18
 Stab: Sleeping          |     1 |     1 |       ||     2
